 Dungeon Crawl Stone Soup version 0.24.0-13-gcf9b319 (webtiles) character file.

Game seed: 15753114942209241139, levelgen mode: deterministic

115 Fang the Skirmisher (level 5, 0/49 HPs)
             Began as a Gargoyle Berserker on Dec 2, 2019.
             Was a Believer of Trog.
             Killed from afar by Ijyb (15 damage)
             ... with a bolt of acid
             ... on level 3 of the Dungeon.
             The game lasted 00:03:19 (1938 turns).

Fang the Skirmisher (Gargoyle Berserker)            Turns: 1938, Time: 00:03:20

Health: 0/49       AC:  6    Str: 26    XL:     5   Next: 0%
Magic:  5/5        EV: 12    Int:  8    God:    Trog [**....]
Gold:   56         SH:  0    Dex:  9    Spells: 4/4 levels left

rFire    . . .     SeeInvis .   a - +0 hand axe
rCold    . . .     Gourm    .   (no shield)
rNeg     + . .     Faith    .   b - +0 animal skin
rPois    ∞         Spirit   .   (no helmet)
rElec    +         Reflect  .   (no cloak)
rCorr    .         Harm     .   (no gloves)
MR       .....                  (no boots)
Stlth    ..........             (no amulet)
HPRegen  0.16/turn              (no ring)
MPRegen  0.09/turn              (no ring)

@: berserking, very quick
A: negative energy resistance 1, electricity resistance, unbreathing,
petrification resistance, rot immunity, AC +4
a: Berserk, Trog's Hand, Renounce Religion


You were on level 3 of the Dungeon.
You worshipped Trog.
Trog was pleased with you.
You were very hungry.

You visited 1 branch of the dungeon, and saw 3 of its levels.

You collected 56 gold pieces.

Inventory:

Hand Weapons
 a - a +0 hand axe (weapon)
Armour
 b - a +0 animal skin (worn)
Scrolls
 f - a scroll of blinking {unknown}
 g - 2 scrolls of teleportation {unknown}
 h - 2 scrolls of identify {unknown}
 i - 2 scrolls of magic mapping {unknown}
 j - a scroll of enchant weapon {unknown}
Potions
 d - a potion of heal wounds {unknown}
 e - 3 potions of curing {unknown}
 k - a potion of mutation {unknown}
Comestibles
 c - 2 rations
 l - 8 chunks of flesh


   Skills:
 + Level 4.2 Fighting
 + Level 3.3 Axes
 + Level 3.2 Armour
 + Level 2.4 Dodging


You had 4 spell levels left.
You didn't know any spells.
Your spell library was empty.

Dungeon Overview and Level Annotations

Branches:
Dungeon (3/15)

Altars:
Elyvilon

Annotations:
D:3 Ijyb


Innate Abilities, Weirdness & Mutations

You are resistant to torment.
Your stone body is resilient. (AC +4)
You are immune to poison.
You resist negative energy. (rN+)
You are resistant to electric shocks. (rElec)
You can survive without breathing.
You are immune to petrification.
You are immune to rotting.


Message History

You kill the orc!
Trog accepts your kill.
You hit the adder. The adder bites you but does no damage.
The adder closely misses you.
Items here: $ )) [[ a +0 whip; a +0 leather armour; a +0 hand axe; a +0 ring mail; 11 gold pieces You feel a strong urge to attack something.
You barely miss the adder.
The adder is heavily wounded.
The adder closely misses you.
You closely miss the adder.
The adder is heavily wounded.
The adder bites you.
You slice the adder!!
You feel the power of Trog in you as your rage grows.
You kill the adder!
Trog accepts your kill.
You have reached level 5!
Ijyb zaps a wand.
The bolt of acid hits you!
You die...

.. . #### .# ..
..# .
..#.#####.#.####.
>.......#@#.$....
..#.##...))g..#
........#.#.#.#
........#...#
...........##
..#####.##.#
.......<# .#
..####### .# .#


You could see Ijyb.

Vanquished Creatures
  A worker ant (D:2)
  2 adders
  4 dart slugs
  2 worms (D:2)
  A leopard gecko (D:2)
  5 orcs (D:3)
  5 bats
  A giant cockroach (D:2)
  10 goblins
  5 hobgoblins
  4 jackals (D:2)
  3 frilled lizards
  7 kobolds
50 creatures vanquished.

Notes
Turn   | Place    | Note
-------+----------+-------------------------------------------
     0 | D:1      | Fang the Gargoyle Berserker began the quest for the Orb.
     0 | D:1      | Reached XP level 1. HP: 14/14 MP: 1/1
   316 | D:1      | Reached XP level 2. HP: 16/19 MP: 2/2
   730 | D:1      | Reached XP level 3. HP: 15/24 MP: 3/3
  1198 | D:2      | Reached skill level 4 in Fighting
  1198 | D:2      | Reached XP level 4. HP: 22/29 MP: 4/4
  1541 | D:2      | Reached ** piety under Trog
  1875 | D:2      | Found a white marble altar of Elyvilon.
  1927 | D:3      | Noticed Ijyb
  1938 | D:3      | Reached XP level 5. HP: 15/33 MP: 5/5
  1938 | D:3      | Killed from afar by Ijyb

Levels and vault maps discovered:
D:1:      matt_arrival_los_fun, layout_rooms
D:2:      layout_basic, lemuel_coloured_pillars_altar
D:3:      layout_loops_cross, nicolae_qazlal_eye_of_the_storm,
          marbit_many_paths, chequers_ecumenical_altar_grove, trog_wizard,
          uniq_ijyb, uniq_natasha

Skill      XL: |  1  2  3 |
---------------+----------+-----
Axes           | 3 |  3.3
Dodging        | 2 |  2.4
Fighting       | 4 |  4.2
Armour         | 3 |  3.2

Action                   |  1- 3 |  4- 6 || total
-------------------------+-------+-------++-------
Melee: Hand axe          |   111 |    83 ||   194
Invok: Berserk           |     2 |     1 ||     3
  Eat: Chunk             |     2 |     3 ||     5
Armor: Animal skin       |    50 |    15 ||    65
Dodge: Dodged            |    95 |    43 ||   138
